 Dungeon Crawl Stone Soup version 0.18.1-1-g2f07953 (webtiles) character file.

333 oshikia the Insei (level 6, -1/48 HPs)
             Began as a Demonspawn Monk on May 7, 2016.
             Was a Believer of Sif Muna.
             Killed by divine providence
             ... invoked by an orc priest
              (14 damage)
             ... on level 4 of the Dungeon.
             The game lasted 00:08:33 (3461 turns).

oshikia the Insei (Demonspawn Monk)                 Turns: 3461, Time: 00:08:33

Health: -1/48      AC: 12    Str: 11    XL:     6   Next: 27%
Magic:  6/6        EV:  7    Int: 11    God:    Sif Muna [**....]
Gold:   203        SH:  0    Dex: 18    Spells: 0 memorised, 5 levels left

rFire  . . .     SeeInvis .       - Unarmed
rCold  . . .     Gourm    .     c - +2 chain mail {rN+}
rNeg   + . .     Faith    .     (no shield)
rPois  .         Spirit   .     (helmet restricted)
rElec  .         Dismiss  .     (no cloak)
rCorr  .         Reflect  .     (no gloves)
SustAt .         Harm     .     j - +0 pair of boots
MR     +....                    (no amulet)
Stlth  +.........               (no ring)
                                q - ring of protection from magic

@: somewhat resistant to hostile enchantments, very unstealthy
A: horns 1, demonic guardian 1, nightstalker 1, sturdy frame 1
a: Channel Energy, Renounce Religion


You were on level 4 of the Dungeon.
You worshipped Sif Muna.
Sif Muna was pleased with you.
You were hungry.

You visited 1 branch of the dungeon, and saw 4 of its levels.

You collected 203 gold pieces.

Inventory:

Missiles
 o - 4 javelins (quivered)
Armour
 c - a +2 chain mail of positive energy (worn)
 j - a +0 pair of boots (worn)
Jewellery
 q - a ring of protection from magic (left hand)
Wands
 h - a wand of flame (42/48)
Scrolls
 e - a scroll of enchant armour {unknown}
 f - 2 scrolls of magic mapping {unknown}
 k - 3 scrolls of identify {unknown}
 l - a scroll of enchant weapon {unknown}
 p - 2 scrolls of remove curse {unknown}
 r - a scroll of blinking {unknown}
Potions
 d - 2 potions of lignification {unknown}
 g - 3 potions of brilliance {unknown}
 i - 4 potions of flight {unknown}
 n - a potion of agility {unknown}
Comestibles
 a - a beef jerky
 b - 4 bread rations
 m - a slice of pizza


   Skills:
 + Level 3.7 Fighting
 * Level 2.6 Armour
 + Level 3.3 Dodging
 + Level 3.1 Stealth
 * Level 4.9 Unarmed Combat
 + Level 0.0 Spellcasting


You had 5 spell levels left.
You didn't know any spells.

Dungeon Overview and Level Annotations

Branches:
Dungeon (4/15)             Temple (0/1) D:4

Altars:
Fedhas
Sif Muna


Innate Abilities, Weirdness & Mutations

You have a pair of small horns on your head.
A weak demonic guardian rushes to your aid.
You are slightly more attuned to the shadows.
Your movements are slightly less encumbered by armour (ER -2).


Message History

The orc wizard casts a spell.
The orc wizard flickers and vanishes!
Deactivating autopickup; reactivate with Ctrl-A.
You closely miss something. Your headbutt misses something.
You hear some strange, mumbled words.
A magic dart appears from out of thin air!
The magic dart hits you!
You hit something but do no damage.
An ogre comes into view. It is wielding a giant spiked club.
You hit something but do no damage. Something hits you but does no damage.
Your crimson imp blinks!
Your chain mail prevents you from hitting something.
The ogre moves out of view.
You hear some strange, mumbled words.
A puff of flame appears from out of thin air!
The puff of flame hits you!
* * * LOW HITPOINT WARNING * * *
The orc priest invokes the aid of Beogh against you.
Beogh smites you!
You die...

##...## #.....##.##..###.##
#.....######...###...)..######
#.........>...#######.####PPP#
#.....######[...........#P...P
##...## ##.#########.'†.>.P
##### #.# ###P...P #5#


#PPP# #5# #### #@# #{# #oo .o.# ...# #...# ..... You could see an orc priest, 2
orcs, a friendly crimson imp and a friendly white imp.

Vanquished Creatures
  A hound (D:4)
  An orc priest (D:4)
  2 orc wizards (D:4)
  Ijyb (D:3)
  3 gnolls (D:3)
  4 adders
  An ooze (D:2)
  A worm (D:3)
  2 dart slugs (D:1)
  5 orcs
  5 goblins
  3 hobgoblins
  3 jackals (D:2)
  13 kobolds
  3 quokkas
  2 ball pythons
  9 bats
  3 giant newts
  5 rats
67 creatures vanquished.

Vanquished Creatures (collateral kills)
  An ogre (D:4)
  A gnoll (D:3)
2 creatures vanquished.

Grand Total: 69 creatures vanquished

Notes
Turn   | Place    | Note
--------------------------------------------------------------
     0 | D:1      | oshikia the Demonspawn Monk began the quest for the Orb.
     0 | D:1      | Reached XP level 1. HP: 18/18 MP: 1/1
   198 | D:1      | Gained mutation: Your movements are slightly less encumbered by armour (ER -2). [demonic ancestry]
   198 | D:1      | Reached XP level 2. HP: 19/24 MP: 2/2
  1006 | D:2      | Gained mutation: A weak demonic guardian rushes to your aid. [demonic ancestry]
  1006 | D:2      | Reached XP level 3. HP: 29/29 MP: 3/3
  1026 | D:2      | Reached skill level 4 in Unarmed Combat
  1110 | D:2      | Found a faded altar to an unknown god.
  1147 | D:2      | Became a worshipper of Sif Muna the Loreminder
  1147 | D:2      | Reached * piety under Sif Muna
  1147 | D:2      | Reached ** piety under Sif Muna
  1201 | D:2      | Reached skill level 1 in Armour
  1669 | D:3      | Gained mutation: You have a pair of small horns on your head. [demonic ancestry]
  1669 | D:3      | Reached XP level 4. HP: 28/35 MP: 4/4
  1695 | D:3      | Noticed Ijyb
  1727 | D:3      | Killed Ijyb
  2186 | D:3      | Gained mutation: You are slightly more attuned to the shadows. [demonic ancestry]
  2186 | D:3      | Reached XP level 5. HP: 41/41 MP: 5/5
  2718 | D:4      | Noticed an ogre
  2725 | D:4      | Killed an ogre
  3182 | D:4      | Found a staircase to the Ecumenical Temple.
  3230 | D:4      | Reached XP level 6. HP: 38/48 MP: 6/6
  3401 | D:4      | Found a blossoming altar of Fedhas.
  3461 | D:4      | Killed from afar by an orc priest

Skill      XL: |  1  2  3  4  5 |
---------------+----------------+-----
Stealth        | 2 3 |  3.1
Unarmed Combat | 4 |  4.9
Armour         | 1 2 |  2.6
Dodging        | 3 |  3.3
Fighting       | |  3.7

Action                   |  1- 3 |  4- 6 || total
-------------------------+-------+-------++-------
Melee: Unarmed           |   142 |   136 ||   278
       Punch             |     1 |     2 ||     3
       Headbutt          |       |    21 ||    21
Throw: Javelin           |       |     1 ||     1
 Stab: Distracted        |       |     1 ||     1
  Eat: Chunk             |     1 |     5 ||     6
       Beef jerky        |       |     1 ||     1
Armor: Chain mail        |    72 |    77 ||   149
Dodge: Dodged            |    60 |    42 ||   102
